 Dungeon Crawl Stone Soup version 0.31-a0-234-gad7ace16ef (webtiles) character file.

Game seed: 17290144425101062445

137 qw the Shooter (level 5, -3/41 HPs)
             Began as a Minotaur Hexslinger on July 9, 2023.
             Slain by Duvessa
             ... wielding a +0 short sword
              (15 damage)
             ... on level 4 of the Dungeon.
             The game lasted 00:00:36 (1221 turns).

qw the Shooter (Minotaur Hexslinger)                Turns: 1221, Time: 00:00:36

Health: -3/41      AC:  5    Str: 12    XL:     5   Next: 0%
Magic:  5/5        EV: 11    Int: 10    God:
Gold:   58         SH:  0    Dex: 15    Spells: 5/6 levels left

rFire   + . .        Y - +1 sling
rCold   . . .        (no shield)
rNeg    . . .        h - +0 ring mail
rPois   .            (helmet restricted)
rElec   .            (no cloak)
rCorr   .            (no gloves)
SInv    .            (no boots)
Will    .....        k - amulet of the acrobat
Stlth   +            j - ring of protection from fire
HPRegen 0.26/turn    (no ring)
MPRegen 0.09/turn

%: acrobat
@: no status effects
A: horns 2, retaliatory headbutt
a: no special abilities


You were on level 4 of the Dungeon.
You visited 1 branch of the dungeon, and saw 3 of its levels.

You collected 58 gold pieces.


Innate Abilities, Weirdness & Mutations

You have a pair of horns on your head.
You reflexively headbutt those who attack you in melee.


   Skills:
 + Level 2.0 Fighting
 - Level 5.3 Ranged Weapons
 - Level 1.2 Armour
 - Level 2.1 Dodging
 - Level 1.0 Spellcasting
 - Level 2.0 Hexes


You had 5 spell levels left.
You knew the following spells:

 Your Spells              Type           Power      Damage    Failure   Level
a - Slow                  Hex            16%        N/A       34%         1

Your spell library contained the following spells:

 Spells                   Type           Power      Damage    Failure   Level
 Inner Flame              Hex/Fire       2%         N/A       83%         3
 Portal Projectile        Hex/Tloc       4%         N/A       83%         3
 Cause Fear               Hex            2%         N/A       98%         4

Inventory:

Hand Weapons
 Y - a +1 sling (weapon)
Armour
 a - a +0 cloak
 h - a +0 ring mail (worn)
Jewellery
 j - a ring of protection from fire (left hand)
 k - an amulet of the acrobat (around neck)
Scrolls
 c - a scroll of identify
Potions
 b - a potion of berserk rage {unknown}
 f - a potion of brilliance {unknown}
 g - a potion of might
 l - a potion of lignification {unknown}
 m - a potion of enlightenment {unknown}
 n - a potion of heal wounds {unknown}

Dungeon Overview and Level Annotations

Branches:
Dungeon (2/15)

Altars:
Fedhas

Annotations:
D:4 Duvessa


Message History

Dowan hits you but does no damage.
You shoot a sling bullet. The sling bullet closely misses Dowan.
Dowan hits you but does no damage. x2
You shoot a sling bullet. The sling bullet hits Dowan.
Dowan is almost dead.
Dowan points at you and mumbles some strange words.
The puff of frost misses you.
You shoot a sling bullet. The sling bullet closely misses Dowan.
Dowan hits you but does no damage.
You shoot a sling bullet. The sling bullet barely misses Dowan.
Dowan hits you with a +0 dagger.
You shoot a sling bullet. The sling bullet hits Dowan.
You kill Dowan!
You hear a distant scream of rage.
Your Ranged Weapons skill increases to level 5!
You have reached level 5!
You start resting.
You hear the slow rusting of a very distant drain.
Duvessa, Sister of Dowan comes into view.
She is wielding a +0 short sword.
You shoot a sling bullet.
Duvessa shouts!
The sling bullet hits Duvessa but does no damage.
Duvessa goes berserk!
You shoot a sling bullet. The sling bullet hits Duvessa.
Duvessa is lightly wounded.
You shoot a sling bullet.
The sling bullet closely misses Duvessa.
You shoot a sling bullet. The sling bullet hits Duvessa!
Duvessa is moderately wounded.
Duvessa barely misses you. You furiously retaliate!
You headbutt Duvessa. You shoot a sling bullet. The sling bullet hits Duvessa.
Duvessa is moderately wounded.
Duvessa hits you with a +0 short sword! Duvessa barely misses you.
You shoot a sling bullet. The sling bullet hits Duvessa.
Duvessa is moderately wounded.
Duvessa hits you with a +0 short sword! x2
You shoot a sling bullet.
The sling bullet closely misses Duvessa.
Duvessa barely misses you. Duvessa hits you with a +0 short sword!
You die...

# #########
#.#.e......
#.#.#@################
#.....................
#.###.##############..
#.# #.# #.# #.# ..#
#.. ### #.# ###


You could see Duvessa (berserk).

Vanquished Creatures
  Dowan (D:4)
  Robin (D:2)
  2 adders (D:2)
  A worm (D:2)
  2 dart slugs (D:1)
  3 bats
  5 endoplasms (D:1)
  A giant cockroach (D:1)
  11 goblins
  6 hobgoblins
  4 jackals (D:1)
  2 kobolds (D:1)
  4 ball pythons
  4 frilled lizards
  4 rats
51 creatures vanquished.

Notes
Turn   | Place    | Note
-------+----------+-------------------------------------------
     0 | D:1      | qw the Minotaur Hexslinger began the quest for the Orb.
     0 | D:1      | Reached XP level 1. HP: 16/16 MP: 1/1
     0 | D:1      | 0 ||| qw: Version: 0.3-a-51-g015441d
     0 | D:1      | 0 ||| qw: Game counter: 4135
     0 | D:1      | 0 ||| qw: Melee chars always use a shield: true
     0 | D:1      | 0 ||| qw: God list: Okawaru
     0 | D:1      | 0 ||| qw: Allow faded altars: false
     0 | D:1      | 0 ||| qw: Do Orc after clearing Dungeon:15 true
     0 | D:1      | 0 ||| qw: Do second Lair branch before Depths: true
     0 | D:1      | 0 ||| qw: Lair rune preference: random
     0 | D:1      | 0 ||| qw: Goals: Normal
     0 | D:1      | 0 ||| PLANNING D:1-11
   126 | D:1      | Reached skill level 3 in Ranged Weapons
   126 | D:1      | Reached XP level 2. HP: 12/23 MP: 2/2
   433 | D:1      | Reached XP level 3. HP: 29/29 MP: 3/3
   712 | D:1      | 712 ||| UPGRADING to +0 ring mail.
   722 | D:1      | 722 ||| DROPPING +0 robe.
   723 | D:1      | 723 ||| UPGRADING to amulet of the acrobat.
   728 | D:1      | 728 ||| UPGRADING to ring of protection from fire.
   729 | D:1      | 729 ||| READING scroll labelled OSIGEA JOOLUVORI.
   730 | D:1      | 730 ||| READING scroll labelled SOK PUAHOSM.
   731 | D:1      | 731 ||| READING scroll labelled LIASYTAZA.
   732 | D:1      | 732 ||| DRINKING 2 blue potions.
   733 | D:1      | 733 ||| DROPPING scroll of poison.
   829 | D:2      | Reached skill level 4 in Ranged Weapons
   837 | D:2      | HP: 7/29 [adder (3)]
   839 | D:2      | Reached skill level 1 in Armour
   938 | D:2      | Found a blossoming altar of Fedhas.
   995 | D:2      | Reached XP level 4. HP: 35/36 MP: 4/4
   995 | D:2      | Noticed Robin
  1011 | D:2      | Killed Robin
  1167 | D:2      | You fall into a shaft and drop 2 floors!
  1194 | D:4      | Noticed Dowan
  1195 | D:4      | 1195 ||| PLANNING SEWER
  1208 | D:4      | Killed Dowan
  1209 | D:4      | Reached skill level 5 in Ranged Weapons
  1209 | D:4      | Reached XP level 5. HP: 37/41 MP: 5/5
  1214 | D:4      | Noticed Duvessa
  1221 | D:4      | Slain by Duvessa

Levels and vault maps discovered:
D:1:      scummos_arrival_forest, layout_loops_ring, minmay_misc_feat_square,
          minmay_fountain_box
D:2:      layout_rooms, basic_altar, uniq_robin
D:4:      layout_basic, gup_sewer_entry_spiral, minmay_misc_feat_x,
          corexii_shack, minmay_misc_feat_rows, uniq_edmund, uniq_duvessa

Skill      XL: |  1  2  3  4 |
---------------+-------------+-----
Ranged Weapons | 3 4 5 |  5.3
Fighting       | 2 |  2.0
Armour         | 1 |  1.2
Dodging        | |  2.1
Spellcasting   | |  1.0
Hexes          | |  2.0

Action                     |  1- 3 |  4- 6 || total
---------------------------+-------+-------++-------
   Fire: Sling             |   120 |    40 ||   160
    Use: Scroll            |     3 |       ||     3
         Potion            |     1 |       ||     1
 Armour: Robe              |     3 |       ||     3
         Ring mail         |    11 |    14 ||    25
  Dodge: Dodged            |    47 |    17 ||    64

Table legend:
 A = Non-vault XP
 B = Vault XP
 C = Vault XP percentage of total XP
 D = Non-vault monster count
 E = Vault monster count
 F = Vault count percentage of total count
                 A         B        C        D         E       F
            +---------+---------+-------+---------+---------+-------
      Total |      96 |     100 |  51.0 |      39 |      12 |  23.5
            +---------+---------+-------+---------+---------+-------
        D:1 |      54 |       0 |   0.0 |      30 |       0 |   0.0
        D:2 |      42 |      33 |  44.0 |       9 |      11 |  55.0
        D:4 |       0 |      67 | 100.0 |       0 |       1 | 100.0
            +---------+---------+-------+---------+---------+-------
